[Event "Early-Titled-Tuesday-Blitz-February-20-2024"]
[Site "Chess.com"]
[Date "2024.02.20"]
[Round "3"]
[White "shimastream"]
[Black "chessdjw"]
[Result "1-0"]
[WhiteElo "2983"]
[BlackElo "2749"]
[TimeControl "180+1"]
[EndTime "8:29:06 PST"]
[Termination "shimastream won by checkmate"]

1. d4 Nf6 2. c4 e6 3. Nf3 b6 4.
a3 Bb7 5. Nc3 d5 6. Qa4+ Qd7 7.
Qc2 Nc6 8. Bg5 Be7 9. e3 h6 10.
Bh4 a6 11. Rd1 O-O 12. Be2 dxc4 13. Bxc4 Nd5 14. Bg3 Nxc3 15. Qxc3 b5 16. Ba2 b4 17. Qd3 a5 18. a4 b3 19. Bxb3 Bb4+ 20. Ke2 Bd6 21. Bc4 Nb4 22. Qb3 Bxg3 23. hxg3 c5 24. Bb5 Qe7 25. dxc5 Qxc5 26. Rc1 Qe7 27. Rhd1 Bd5 28.
Bc4 Rab8 29. Bxd5 Nxd5 30. Qc2 Qb7 31. Nd4 Rfc8 32. Qd2 Rxc1 33. Rxc1 Qxb2 34. Rc8+ Kh7 35. Rxb8 Qxb8 36. Nb5 Qb6 37. Qc2+ g6 38. Qc4 Nb4 39. g4 Qd8 40. Qd4 Qg5 41. Kf3 h5 42. gxh5 Qxh5+ 43. Kg3 Qg5+ 44. Kh2 Qh5+ 45. Kg1 Nd5 46. Nd6 Kg8 47.
Ne8 Qf5 48. Qg7# 1-0

[Event "Early-Titled-Tuesday-Blitz-February-20-2024"]
[Site "Chess.com"]
[Date "2024.02.20"]
[Round "3"]
[White "JSPrepz"]
[Black "DishonorOnYourCow"]
[Result "1-0"]
[WhiteElo "2865"]
[BlackElo "2600"]
[TimeControl "180+1"]
[EndTime "8:29:07 PST"]
[Termination "JSPrepz won on time"]

1. e4 c5 2. Nf3 d6 3. Nc3 a6 4. g3 Nc6 5. d4 cxd4 6. Nxd4 Nf6 7. Bg2 Bd7 8. O-O g6 9. Nxc6 Bxc6 10. Bg5 Bg7 11.
Qd2 O-O 12. Rfe1 Rc8 13. Rad1 Qb6 14. b3 Qc7 15. Nd5 Bxd5 16. exd5 Rfe8 17. c4 b5 18. Rc1 bxc4 19. Rxc4 Qb7 20. Rc6 Rxc6 21. dxc6 Qc7 22.
Qd3 a5 23. Qa6 h6 24. Bd2 d5 25. Bxa5 Qd6 26. Qb7 Ne4 27. c7 Qc5 28. Bb6 Qc3 29. Rd1 Qc2 30. Qxd5 Nc3 31. Qd7 Qxd1+ 32. Qxd1 Nxd1 33.
Bc6 Rc8 34. Bb7 Rxc7 35. Bxc7 Bd4 36. a4 Nxf2 37. Kf1 Nd3 38. Ba6 Nc5 39. Bc4 Bb2 40.
Bb6 Bc3 41. Bxc5 e5 42. b4 1-0

[Event "Early-Titled-Tuesday-Blitz-February-20-2024"]
[Site "Chess.com"]
[Date "2024.02.20"]
[Round "3"]
[White "Rud_Makarian"]
[Black "FontVella8"]
[Result "1-0"]
[WhiteElo "3081"]
[BlackElo "2702"]
[TimeControl "180+1"]
[EndTime "8:29:07 PST"]
[Termination "Rud_Makarian won by checkmate"]

1. d4 Nf6 2. c4 e6 3. Nf3 d5 4.
g3 Bb4+ 5. Bd2 Be7 6. Bg2 O-O 7.
Qc2 c6 8. O-O Nbd7 9. Bf4 b6 10.
Nbd2 Ba6 11. Rfe1 Nh5 12. Be5 Nxe5 13. Nxe5 Rc8 14. cxd5 cxd5 15. Qa4 Bb7 16. Qxa7 Qc7 17. Rec1 Qxc1+ 18. Rxc1 Rxc1+ 19. Nf1 Rc7 20. Qxb6 Rfc8 21. Bf3 Nf6 22. Kg2 Ne8 23. h4 Nd6 24. Ne3 f6 25.
Nd3 Kf7 26. Nc5 Bc6 27. b4 Nc4 28. Nxc4 dxc4 29. Bxc6 Rxc6 30. Qb5 c3 31. Qc4 Ra8 32. d5 Rb6 33. dxe6+ Kg8 34. Qxc3 Rxa2 35. Qd4 Rd6 36. Qe4 Rdd2 37. Qb7 Kf8 38. Nd7+ Ke8 39. Qc6 Kd8 40. Qb6+ Ke8 41. Qb5 Bd6 42. Ne5+ Kf8 43. Nc4 Rxe2 44.
Nxd6 Rxf2+ 45. Kh3 g6 46. Qe8+ Kg7 47. Qe7+ Kh6 48.
Qf8+ Kh5 49. g4# 1-0

[Event "Early-Titled-Tuesday-Blitz-February-20-2024"]
[Site "Chess.com"]
[Date "2024.02.20"]
[Round "3"]
[White "DarkAlekhine"]
[Black "Kunalm64"]
[Result "1/2-1/2"]
[WhiteElo "2838"]
[BlackElo "2509"]
[TimeControl "180+1"]
[EndTime "8:29:07 PST"]
[Termination "Game drawn - insufficient material"]

1. e4 c6 2. Nf3 d5 3. d3 dxe4 4. dxe4 Qxd1+ 5. Kxd1 Nf6 6. Nbd2 Bg4 7. Bd3 Nbd7 8. h3 Bxf3+ 9. Nxf3 Nc5 10. Ke2 Nfxe4 11. Bc4 Nd6 12. Bb3 g6 13. Be3 Nxb3 14. axb3 a6 15.
Bd4 f6 16. Rhd1 Kf7 17. b4 Bg7 18. Bc5 Rhe8 19. Kf1 f5 20. Ng5+ Kg8 21. c3 Bf6 22.
Ne6 Nb5 23. Rd7 Kf7 24. Re1 Kg8 25. Rxb7 a5 26. bxa5 Rxa5 27. g4 fxg4 28. hxg4 g5 29. Kg2 Ra2 30. c4 Nd6 31. Rb4 Rxb2 32. Rxb2 Bxb2 33.
Nxg5 Nxc4 34. Re6 Ne5 35. Kg3 Nd3 36. Bxe7 c5 37. f4 c4 38. f5 Be5+ 39. Kf3 c3 40. f6 Bxf6 41. Bxf6 Rxe6 42. Nxe6 Kf7 43. Bxc3 Kxe6 44.
Ke3 Ne5 45. Kf4 Nxg4 46. Kxg4 h5+ 47. Kxh5 1/2-1/2

[Event "Early-Titled-Tuesday-Blitz-February-20-2024"]
[Site "Chess.com"]
[Date "2024.02.20"]
[Round "3"]
[White "guillembaches"]
[Black "ChEsper99"]
[Result "0-1"]
[WhiteElo "2527"]
[BlackElo "2209"]
[TimeControl "180+1"]
[EndTime "8:29:07 PST"]
[Termination "ChEsper99 won on time"]

1. d4 Nf6 2. Nf3 e6 3. Bg5 d5 4.
Nbd2 Be7 5. e3 O-O 6. Bd3 Nbd7 7. c3 c5 8. Ne5 Nxe5 9. dxe5 Nd7 10. Bxe7 Qxe7 11.
f4 f6 12. exf6 Nxf6 13. Nf3 Ng4 14. Bxh7+ Kxh7 15. Ng5+ Kg8 16. Qxg4 e5 17. Qh4 Bf5 18.
O-O exf4 19. exf4 Rae8 20. Rae1 Qf6 21. g4 Bd3 22. f5 Qh6 23. Qxh6 gxh6 24. Ne6 Bxf1 25.
Kxf1 Rf6 26. Nxc5 Rxe1+ 27. Kxe1 h5 28. h3 hxg4 29. hxg4 Rh6 30. b4 Rh4 31. g5 Rf4 32. f6 Rf5 33. Nxb7 Rxg5 34. Nd6 Re5+ 35. Kd2 Re6 36. Nc8 Rxf6 37. Nxa7 Ra6 38. Nc6 Rxc6 39. Kd3 Kf7 40. b5 Rc5 41. a4 Rc4 42. a5 Rc5 43. b6 Rxa5 44. Kd4 Rb5 0-1

[Event "Early-Titled-Tuesday-Blitz-February-20-2024"]
[Site "Chess.com"]
[Date "2024.02.20"]
[Round "3"]
[White "cmunda"]
[Black "Pingah9"]
[Result "0-1"]
[WhiteElo "2140"]
[BlackElo "2536"]
[TimeControl "180+1"]
[EndTime "8:29:07 PST"]
[Termination "Pingah9 won by resignation"]

1. e4 g6 2. d4 Bg7 3. Nf3 d6 4. Bc4 e6 5. O-O a6 6. h3 Ne7 7. a4 b6 8. Nc3 Bb7 9. Re1 Nd7 10. Be3 h6 11. Qd2 g5 12. Nh2 Ng6 13. Rad1 Nf6 14. f3 O-O 15. Ng4 Nh5 16. Ne2 d5 17. Bd3 dxe4 18. Bxe4 Bxe4 19. fxe4 f5 20. exf5 exf5 21. Nh2 Kh7 22. Qd3 Qd6 23. Rf1 f4 24. Bf2 Rae8 25. c3 Qd7 26. Rde1 Qxa4 27. Nc1 Qb5 28.
Qc2 Qd5 29. Nd3 Qf5 30. g4 fxg3 31. Bxg3 Rxe1 32. Bxe1 Qxh3 33. Rxf8 Bxf8 34. Ne5 Nf4 35. Nhf3 Bd6 36. Nxg6 Nxg6 37. Qe4 Qd7 38. Bd2 Kg7 39. Bxg5 hxg5 40. Nxg5 Qe7 41. Qf5 Qe1+ 42. Kg2 Qg3+ 43. Kf1 Qf4+ 44. Qxf4 Nxf4 45. Ne6+ Kf6 46. Nxf4 Bxf4 47.
Ke2 Bc1 48. b3 Bf4 49. Kd3 Ke6 50. c4 Kd6 51. b4 b5 52. cxb5 axb5 53. Ke4 Bh6 0-1

[Event "Early-Titled-Tuesday-Blitz-February-20-2024"]
[Site "Chess.com"]
[Date "2024.02.20"]
[Round "3"]
[White "LaPiToB"]
[Black "blitzking1729"]
[Result "0-1"]
[WhiteElo "2304"]
[BlackElo "2716"]
[TimeControl "180+1"]
[EndTime "8:29:07 PST"]
[Termination "blitzking1729 won on time"]

1. d4 d6 2. Nf3 g6 3. c4 Bg7 4. Nc3 Nd7 5. e4 e5 6. Be2 Ne7 7. Be3 O-O 8. O-O h6 9. dxe5 dxe5 10. Qd2 Kh7 11. Rad1 f5 12. Bc5 Rf7 13. Bxe7 Qxe7 14. Nd5 Qd6 15. exf5 gxf5 16. Qc2 e4 17. Nh4 Ne5 18. Bh5 Rf8 19. c5 Qc6 20. Ne7 Qf6 21.
Neg6 Nxg6 22. Nxg6 Rg8 23. Nf4 Qg5 24. g3 Be5 25. Bg6+ Rxg6 26. Nxg6 Qxg6 27. Rd8 Bf6 28. Rfd1 Bxd8 29. Rxd8 c6 30. Qc3 Qg7 31. Qd2 Qf6 32. Rd6 Be6 33. Qb4 Rb8 34. Qa5 Rf8 35. Qxa7 Rf7 36.
Qb8 Re7 37. Qd8 Kg7 38. Qb8 Qf7 39. Rd8 Bd5 40. Qd6 Qf6 41. Qf4 e3 42. Rd6 e2 0-1

[Event "Early-Titled-Tuesday-Blitz-February-20-2024"]
[Site "Chess.com"]
[Date "2024.02.20"]
[Round "3"]
[White "nekotyanof"]
[Black "Colombiano07"]
[Result "0-1"]
[WhiteElo "2618"]
[BlackElo "2433"]
[TimeControl "180+1"]
[EndTime "8:29:08 PST"]
[Termination "Colombiano07 won by resignation"]

1. e4 e6 2. Qe2 b6 3. c4 c5 4. Nc3 Nc6 5. Nf3 d6 6. g3 Nf6 7. Bg2 Bb7 8. O-O Be7 9. Rd1 O-O 10. d4 cxd4 11. Nxd4 a6 12. Bg5 Qc7 13. Rac1 Rac8 14.
Nxc6 Bxc6 15. h3 Qb7 16. Bxf6 Bxf6 17. Rxd6 Be5 18. Rd2 Rfd8 19. Rcd1 Rxd2 20. Qxd2 Bxc3 21. bxc3 h6 22. Qd4 b5 23. c5 Be8 24. e5 Qa7 25. Qd6 Qxc5 26. Bb7 Rc7 27. Bxa6 Rc6 28. Qb8 Rxa6 29.
Qxe8+ Kh7 30. Qxf7 Qxe5 31. Rd4 Rxa2 32. Kg2 Rc2 33. Qf3 Qe2 34. Qf7 Rc1 35. Rd8 Qe4+ 36. Qf3 Rg1+ 37. Kxg1 Qxf3 38. Rb8 Qd3 39. Rb6 Kg8 40.
Rxe6 Qxc3 41. Re8+ Kf7 42. Rb8 b4 43. h4 b3 44.
Rb7+ Kg8 45. h5 b2 46. Kh2 Qc2 47. g4 b1=Q 48. Rxb1 Qxb1 49. Kg3 Qc1 50. f3 Qg5 51.
f4 Qd5 52. Kh3 Qf3+ 53. Kh4 Qxf4 54. Kh3 Qg5 0-1

[Event "Early-Titled-Tuesday-Blitz-February-20-2024"]
[Site "Chess.com"]
[Date "2024.02.20"]
[Round "3"]
[White "ninguno46"]
[Black "LuisFSiles"]
[Result "0-1"]
[WhiteElo "2540"]
[BlackElo "2304"]
[TimeControl "180+1"]
[EndTime "8:29:08 PST"]
[Termination "LuisFSiles won by resignation"]

1. e4 c5 2. Nc3 Nc6 3. f4 g6 4.
Nf3 Bg7 5. Bb5 Nd4 6. O-O Nxb5 7.
Nxb5 d5 8. exd5 a6 9. Nc3 Nf6 10.
d4 Nxd5 11. dxc5 Nxc3 12. Qxd8+ Kxd8 13. bxc3 Bxc3 14. Rb1 Kc7 15. Rb3 Bf6 16. Bd2 a5 17. Rfb1 a4 18. Rb5 Ra6 19. Ba5+ Kc6 20. Bd2 Rd8 21. c4 Bf5 22. R1b4 Be4 23. Rb6+ Rxb6 24. Rxb6+ Kxc5 25. Be3+ Kxc4 26. Nd2+ Kd3 27. Kf2 Bc6 28. Rb1 Bd4 29. Nf1 Bxe3+ 30. Nxe3 Rd6 31. a3 Kc3 32. Rb4 Rd2+ 33. Ke1 Ra2 34. Nd1+ Kc2 35. Rc4+ Kd3 36. Rc3+ Kd4 37. Rh3 Ra1 38. Kd2 Ra2+ 39. Kc1 h5 40. Nc3 Rxg2 41. Nd1 Be4 42. Rh4 Rc2+ 43. Kb1 Rxh2+ 44.
Kc1 Rxh4 45. Kd2 Rh2+ 46. Ke1 h4 47. Nf2 Rxf2 48. Kxf2 h3 49. Kg3 Bg2 50. Kh2 Ke4 51. f5 Kxf5 52. Kg1 Kg4 53. Kh2 Kh4 54. Kg1 Bc6 0-1

[Event "Early-Titled-Tuesday-Blitz-February-20-2024"]
[Site "Chess.com"]
[Date "2024.02.20"]
[Round "3"]
[White "NM_Antelacus"]
[Black "Zarinur"]
[Result "0-1"]
[WhiteElo "2248"]
[BlackElo "2499"]
[TimeControl "180+1"]
[EndTime "8:29:08 PST"]
[Termination "Zarinur won on time"]

1. e4 e5 2. Nf3 Nc6 3. Bc4 Nf6 4. d3 h6 5. O-O Bc5 6. c3 d6 7. h3 a5 8. d4 Ba7 9. Re1 O-O 10. Qd3 Re8 11. Nbd2 exd4 12. cxd4 d5 13. exd5 Rxe1+ 14. Nxe1 Nb4 15. Qg3 Bxd4 16. Ndf3 Ne4 17. Qf4 Bxf2+ 18. Kf1 Bxe1 19. Qxe4 Bg3 20. a3 Na6 21. Be3 Bd7 22.
Bd3 f5 23. Qc4 Bd6 24. Qc2 Qf6 25. Bd4 Qf7 26. Re1 Qxd5 27. Bc4 Bb5 28. b3 Bxc4+ 29.
bxc4 Qf7 30. c5 Bg3 31. Ne5 Bxe5 32. Rxe5 Rf8 33. Kg1 Nb8 34. Bc3 Nc6 35. Re1 Qc4 36.
Qd2 Qxc5+ 37. Kh1 Rf7 38. Qb2 f4 39. Rf1 b5 40. Rf3 b4 41. axb4 axb4 42. Bd2 Qc4 43. Qa1 Nd4 44. Qa8+ Rf8 0-1

[Event "Early-Titled-Tuesday-Blitz-February-20-2024"]
[Site "Chess.com"]
[Date "2024.02.20"]
[Round "3"]
[White "Predator0608"]
[Black "BashirliSaadat"]
[Result "1-0"]
[WhiteElo "2591"]
[BlackElo "2359"]
[TimeControl "180+1"]
[EndTime "8:29:09 PST"]
[Termination "Predator0608 won by resignation"]

1. f4 d5 2. Nf3 Nf6 3. g3 Bg4 4. Bg2 e6 5. Ne5 Bf5 6. O-O c5 7. d3 Nc6 8. Nxc6 bxc6 9. Qe1 h6 10.
Kh1 Be7 11. e4 Bh7 12. Nc3 O-O 13. h3 Nh5 14. Bf3 Nf6 15. g4 c4 16. e5 Nd7 17.
dxc4 Nb6 18. cxd5 cxd5 19. Qe2 Nc4 20. f5 Bg5 21. b3 Bxc1 22. Raxc1 Nb6 23. f6 g5 24. h4 Rc8 25. hxg5 Rxc3 26. Qh2 Kh8 27. Qxh6 Rg8 28. Kg2 Rg6 29. Qh4 Qg8 30. Rh1 Rxg5 31.
Rh3 Nd7 32. Rch1 Rxc2+ 33. Kg3 Nf8 34. Qh6 Rg6 35. Qxf8 Rxg4+ 36. Bxg4 Rc3+ 37. Kf2 Rxh3 38. Qxg8+ Kxg8 39. Rxh3 Bb1 40. Rg3 Kf8 41. Bh5 Bxa2 42. Rg7 Bxb3 43. Rxf7+ Kg8 44. Rxa7 d4 45. f7+ Kg7 46.
Ra8 1-0

[Event "Early-Titled-Tuesday-Blitz-February-20-2024"]
[Site "Chess.com"]
[Date "2024.02.20"]
[Round "3"]
[White "HATilay"]
[Black "MightyGMpretender"]
[Result "1/2-1/2"]
[WhiteElo "2635"]
[BlackElo "2868"]
[TimeControl "180+1"]
[EndTime "8:29:11 PST"]
[Termination "Game drawn by repetition"]

1. e4 c5 2. Nf3 Nc6 3. Bb5 Nf6 4. Nc3 Qc7 5. O-O Nd4 6. Re1 Ng4 7. g3 Nxf3+ 8. Qxf3 Ne5 9. Qg2 e6 10. Bf1 Be7 11.
d3 a6 12. a4 b6 13. f4 Nc6 14. f5 Bb7 15. Bf4 Bd6 16. Ne2 Nb4 17. Bxd6 Qxd6 18. Nc3 O-O-O 19. Qf2 Kb8 20. Bg2 Qd4 21. Rac1 e5 22. f6 gxf6 23. Rf1 f5 24. exf5 f6 25.
Bxb7 Kxb7 26. Qxd4 cxd4 27. Ne4 Nd5 28. c4 dxc3 29.
bxc3 Rhf8 30. c4 Nb4 31. c5 b5 32. axb5 axb5 33. Rb1 Nxd3 34. Rxb5+ Kc6 35. Rfb1 Kd5 36. Nc3+ Kc4 37. Ne2 Ra8 38. R5b3 e4 39. Rc3+ Kd5 40. Rd1 Ke5 41. Nf4 Nxf4 42. gxf4+ Kxf4 43. Rxd7 Ra1+ 44. Kg2 Ra2+ 45. Kh3 e3 46. Re7 Re2 47. c6 Rg8 48.
Rc4+ Kf3 49. c7 Rgg2 50. Rxe3+ Kxe3 51. Rc3+ Kf4 52. Rc4+ Kg5 53. c8=Q Rxh2+ 54. Kg3 Rhg2+ 55.
Kf3 Rgf2+ 56. Kg3 Rg2+ 57. Kf3 Rgf2+ 58. Kg3 Rg2+ 1/2-1/2

[Event "Early-Titled-Tuesday-Blitz-February-20-2024"]
[Site "Chess.com"]
[Date "2024.02.20"]
[Round "3"]
[White "NovozhilovSemen"]
[Black "secrethawk1"]
[Result "1-0"]
[WhiteElo "2681"]
[BlackElo "2474"]
[TimeControl "180+1"]
[EndTime "8:29:12 PST"]
[Termination "NovozhilovSemen won by checkmate"]

1. d4 d5 2. c4 c6 3. cxd5 cxd5 4. Bg5 Nf6 5. Bxf6 exf6 6. Nc3 Nc6 7. e3 Be7 8. Bd3 O-O 9. f4 a6 10. Qh5 f5 11. Nf3 g6 12. Qh6 Re8 13. Kf2 b5 14. Qh3 h5 15. g3 Bf6 16. Qg2 Qe7 17. Nxd5 Qd6 18. Ne5 Bb7 19. Nd7 Bg7 20. Nc5 Rab8 21.
Nxb7 Rxb7 22. Rac1 Rd7 23. Rxc6 Qxd5 24. Qxd5 Rxd5 25.
Rxa6 Rc8 26. Ke2 Bf8 27. Rb6 b4 28. Ra6 Rdd8 29. Kd2 Ra8 30. Rxa8 Rxa8 31. Bc4 Re8 32. Rc1 Bd6 33. Bb3 Re7 34. Rc6 Rd7 35. Ra6 Kg7 36. a4 bxa3 37. bxa3 Rb7 38. Bd5 Rb2+ 39. Kc3 Rxh2 40. Rxd6 Rh3 41. Rd7 Rxg3 42. Rxf7+ Kh6 43.
Re7 h4 44. a4 h3 45. a5 h2 46. a6 Rg1 47. a7 Rc1+ 48. Kd2 Ra1 49. a8=Q Rxa8 50.
Bxa8 Kh5 51. Bf3+ Kh4 52. Ke2 Kg3 53. Rg7 g5 54. Rxg5+ Kh3 55. Kf2 Kh4 56. Rh5# 1-0

[Event "Early-Titled-Tuesday-Blitz-February-20-2024"]
[Site "Chess.com"]
[Date "2024.02.20"]
[Round "3"]
[White "Yushko_Olga"]
[Black "Shuvalov"]
[Result "0-1"]
[WhiteElo "2202"]
[BlackElo "2543"]
[TimeControl "180+1"]
[EndTime "8:29:12 PST"]
[Termination "Shuvalov won by resignation"]

1. d4 Nf6 2. c4 c5 3. d5 b5 4. cxb5 a6 5. b6 e6 6. Nc3 Nxd5 7. Nxd5 exd5 8. Qxd5 Nc6 9. Qe4+ Be7 10. Bg5 Rb8 11.
Nf3 Rxb6 12. e3 Rxb2 13. Bc4 O-O 14. Bd3 g6 15. Bxe7 Qxe7 16. O-O d5 17. Qxd5 Nb4 18.
Qe4 Qxe4 19. Bxe4 Rxa2 20. Rxa2 Nxa2 21. Ra1 Be6 22. Ng5 Bb3 23. h4 Rd8 24. Bf3 c4 25.
Ne4 c3 26. Nxc3 Nxc3 27. Ra3 Rb8 28. Rxa6 h5 29. Kh2 Nd1 30. Kg3 Nc3 31. Rc6 Nd5 32.
Rd6 Ne7 33. e4 Kg7 34. Be2 Be6 35. f3 Rb2 36. Ba6 Nc8 37. Rc6 Nb6 38. Rc7 Nd7 39. f4 Nf6 40. e5 Ng4 41. Rc3 Rb3 42. Rxb3 Bxb3 43. Bd3 Be6 44. Kf3 Nh6 45. g3 Bf5 46. Bc4 Bg4+ 47. Ke4 Be6 48. Bb5 Nf5 49. Kf3 Nd4+ 50.
Ke4 Nxb5 51. Kf3 Nd4+ 52. Ke4 Nf5 53. Kf3 Bd5+ 54. Kf2 Nh6 55. Ke3 Be6 56. Kf3 Kf8 57. Ke4 Ke7 58. Kd4 Kd7 59. Ke4 Kc6 0-1

[Event "Early-Titled-Tuesday-Blitz-February-20-2024"]
[Site "Chess.com"]
[Date "2024.02.20"]
[Round "3"]
[White "Attacker_2006"]
[Black "waspofborneo"]
[Result "0-1"]
[WhiteElo "2391"]
[BlackElo "2223"]
[TimeControl "180+1"]
[EndTime "8:29:13 PST"]
[Termination "waspofborneo won by resignation"]

1. e4 c5 2. Nf3 a6 3. c3 d6 4. d4 Nd7 5. Nbd2 e6 6. a4 Be7 7. Bc4 Ngf6 8. O-O O-O 9. Re1 e5 10. d5 Re8 11. a5 Nf8 12. Nf1 Ng6 13. Ng3 Bd7 14. Be3 Qc8 15. h3 Bd8 16. Bf1 b5 17.
axb6 Bxb6 18. Qb3 Qb7 19. Nd2 Reb8 20. Nc4 Bc7 21. Qxb7 Rxb7 22. Red1 h6 23. Rd2 Bb5 24. f3 Rab8 25. Nf5 Kf8 26. Nfxd6 Bxd6 27. Nxd6 Rd7 28. Nxb5 axb5 29. Bxc5+ Kg8 30. b4 Nf4 31. Be3 N4h5 32. Be2 Rc7 33. Rd3 Ne8 34. d6 Rd7 35. f4 exf4 36.
Bxf4 Nxf4 37. Rd2 Nxe2+ 38. Rxe2 Rxd6 39. e5 Re6 40. Rd1 f6 41. Kf2 fxe5 42. Rd5 Nf6 43.
Rdxe5 Rxe5 44. Rxe5 Rc8 45. Rc5 Ne4+ 0-1

[Event "Early-Titled-Tuesday-Blitz-February-20-2024"]
[Site "Chess.com"]
[Date "2024.02.20"]
[Round "3"]
[White "platy3"]
[Black "Makswolf200817"]
[Result "0-1"]
[WhiteElo "2955"]
[BlackElo "2753"]
[TimeControl "180+1"]
[EndTime "8:29:14 PST"]
[Termination "Makswolf200817 won on time"]

1. e4 e6 2. d4 d5 3. Nc3 Bb4 4. Ne2 dxe4 5. a3 Be7 6. Nxe4 Nf6 7. Nxf6+ Bxf6 8. Be3 Bd7 9. Qd2 Bc6 10. Ng3 h5 11.
O-O-O h4 12. Ne2 h3 13. f3 Nd7 14. Ng3 hxg2 15. Bxg2 Nb6 16. Ne4 Bxe4 17. b3 Bc6 18. c4 Qe7 19. Kb2 O-O-O 20. Ka2 Rh4 21. f4 Bxg2 22. Qxg2 Rh5 23. Qd2 c5 24. Qe2 Rdh8 25. dxc5 Nd7 26. b4 e5 27. Qg2 Qe6 28. Rd5 Rh3 29. Bc1 exf4 30. Bxf4 Re8 31. Rhd1 Qe2+ 32. Qxe2 Rxe2+ 33. R1d2 Rxd2+ 34. Rxd2 Rh4 35. Bg3 Rxc4 36.
Re2 Kd8 37. Kb3 Rd4 38. Rc2 Rd3+ 39. Ka2 Be5 40. Bf2 Nf6 41. c6 bxc6 42. Bxa7 Kd7 43.
Rg2 Nd5 44. Bc5 f5 45. a4 Nc3+ 46. Kb3 Ne4+ 47. Ka2 Nxc5 48. bxc5 f4 0-1

[Event "Early-Titled-Tuesday-Blitz-February-20-2024"]
[Site "Chess.com"]
[Date "2024.02.20"]
[Round "3"]
[White "SchmakAttack"]
[Black "IriBu"]
[Result "1/2-1/2"]
[WhiteElo "2811"]
[BlackElo "2593"]
[TimeControl "180+1"]
[EndTime "8:29:14 PST"]
[Termination "Game drawn by repetition"]

1. e4 d6 2. d4 Nf6 3. Nc3 a6 4. g3 g6 5. Bg2 Bg7 6. Nge2 O-O 7. O-O e5 8. h3 Re8 9. dxe5 dxe5 10. Qxd8 Rxd8 11. Bg5 Re8 12. Rad1 h6 13. Be3 a5 14. Nb5 Na6 15. Nec3 Bd7 16. Rd2 Bxb5 17. Nxb5 Rad8 18.
Rfd1 Rxd2 19. Rxd2 Bf8 20. f3 Kg7 21. Bf1 Rc8 22. Na7 Re8 23. Bxa6 bxa6 24. a4 Re6 25. Kf2 Ne8 26. Rd8 f5 27. Ke2 Kf7 28. b3 h5 29. Bd2 fxe4 30. fxe4 Nd6 31. Kd3 Rf6 32.
Nc6 Rf3+ 33. Ke2 Rxg3 34. Nxe5+ Ke6 35. Bf4 Rg2+ 36. Kf3 Be7 37. Rxd6+ cxd6 38. Kxg2 dxe5 39.
Bd2 Bd8 40. Kf3 g5 41. Be3 Kf6 42. Bd2 Kg6 43. Bc3 Kf6 44. Bb2 Ke6 45. Bc1 Be7 46. Bd2 Bd8 47. c4 Kf6 48. Be3 Ke6 49. Bd2 Kd6 50.
Be3 Ke6 51. Bf2 Kd6 52. Be3 Ke6 1/2-1/2

[Event "Early-Titled-Tuesday-Blitz-February-20-2024"]
[Site "Chess.com"]
[Date "2024.02.20"]
[Round "3"]
[White "JonSnowNW1"]
[Black "SnekkerAndersen"]
[Result "1-0"]
[WhiteElo "2469"]
[BlackElo "2629"]
[TimeControl "180+1"]
[EndTime "8:29:15 PST"]
[Termination "JonSnowNW1 won by checkmate"]

1. c4 b5 2. b3 Bb7 3. Bb2 bxc4 4.
bxc4 Nf6 5. Nc3 e5 6. Nf3 d6 7. d3 Be7 8. e4 O-O 9. Be2 Nh5 10. O-O Nf4 11. Bc1 Nxe2+ 12. Qxe2 Nd7 13. Rb1 Rb8 14. Be3 c5 15. Nd2 f5 16. exf5 Rxf5 17. Qg4 Rf8 18. Nde4 Nf6 19. Qe6+ Kh8 20. Ng5 Qe8 21.
Qh3 Bc6 22. Ne6 Rg8 23. Ng5 h6 24. Rxb8 Qxb8 25. Nf7+ Kh7 26. Nxh6 Bxg2 27. Qf5+ g6 28. Qe6 Bxf1 29. Qxe7+ Rg7 30. Qxf6 Bxd3 31. Ng4 Bf5 32.
Qh4+ Kg8 33. Nh6+ Kf8 34. Qf6+ Ke8 35. Qxg7 Qb2 36. Qf7+ Kd8 37. Bg5+ Kc8 38. Nxf5 gxf5 39. Qxf5+ Kb7 40. Qd7+ Ka8 41. Nb5 Qb1+ 42. Kg2 Qe4+ 43. f3 Qe2+ 44. Kg3 Qe1+ 45. Kg4 Qg1+ 46. Kf5 Qb1+ 47.
Kf6 Kb8 48. Qc7+ Ka8 49. Qxa7# 1-0

[Event "Early-Titled-Tuesday-Blitz-February-20-2024"]
[Site "Chess.com"]
[Date "2024.02.20"]
[Round "3"]
[White "chess94cu"]
[Black "PedroGil25"]
[Result "0-1"]
[WhiteElo "2656"]
[BlackElo "2478"]
[TimeControl "180+1"]
[EndTime "8:29:16 PST"]
[Termination "PedroGil25 won on time"]

1. Nf3 Nf6 2. c4 c5 3. Nc3 Nc6 4. g3 d5 5. cxd5 Nxd5 6. Bg2 Nc7 7. O-O e5 8. d3 Be7 9. Be3 O-O 10.
Rc1 b6 11. Nd2 Bb7 12. Nc4 Ne6 13. Nxe5 Qc7 14. Nxc6 Bxc6 15. Bxc6 Qxc6 16. Qa4 Qb7 17. Qe4 Qd7 18. Nd5 Rfe8 19. Nxe7+ Qxe7 20. a3 Qd7 21. Qg4 a5 22. Rc4 Qd5 23. Rfc1 h5 24. Qe4 Qd7 25. Qf3 g6 26. h4 a4 27. g4 hxg4 28. Rxg4 Ng7 29. Rcc4 Ra7 30. Bd2 Qb5 31. Bc3 Re6 32. Rg5 Rae7 33. e3 Qd7 34. Bxg7 Kxg7 35. h5 Qd6 36. Rcg4 Qxd3 37. hxg6 fxg6 38. Rh4 Rf6 39. Qg3 Qd1+ 40. Kg2 Qe2 41. Rf4 Ref7 42. Rxf6 Rxf6 43. Qc7+ Rf7 44. Qg3 Rf6 45. Rd5 Qb5 46. Rg5 Qc6+ 47.
Kg1 Qe4 48. Qg2 Qb1+ 49. Kh2 Qxb2 0-1

[Event "Early-Titled-Tuesday-Blitz-February-20-2024"]
[Site "Chess.com"]
[Date "2024.02.20"]
[Round "3"]
[White "AttilaTurzo"]
[Black "LionKing2367890"]
[Result "1-0"]
[WhiteElo "2493"]
[BlackElo "2254"]
[TimeControl "180+1"]
[EndTime "8:29:16 PST"]
[Termination "AttilaTurzo won on time"]

1. d4 Nf6 2. Bf4 e6 3. e3 c5 4. Nd2 Nc6 5. c3 b6 6. Bd3 Be7 7. Ngf3 cxd4 8. exd4 Bb7 9. O-O O-O 10. Qe2 Re8 11. Nc4 d6 12. Bg5 h6 13. Bh4 Nh5 14. Bg3 Nxg3 15. hxg3 Bf6 16. Rfe1 e5 17. dxe5 Nxe5 18.
Nfxe5 dxe5 19. Be4 Bxe4 20. Qxe4 Qc7 21. Rad1 Rac8 22. Nd6 Red8 23. Nxc8 Rxc8 24. Qd5 Rd8 25. Qe4 Rc8 26. Rd3 Qc5 27. Red1 Qa5 28. a3 Qb5 29. Qe2 Qc5 30. Rd5 Qc6 31. Rd7 a5 32. Qd3 b5 33.
Qd5 Qxd5 34. R1xd5 Rb8 35. Rc7 e4 36. b4 axb4 37. axb4 g6 38. Kf1 Kg7 39. Rdd7 Rf8 40. Ke2 Be5 41. Rc5 Kf6 42. Rdd5 Re8 43. Ke3 h5 44. Rc6+ Kg7 45. Rxb5 f5 46. Rb7+ Kh6 47. Rbb6 Rd8 48. Rxg6+ Kh7 49. Rh6+ Kg7 50. Rxh5 Rd3+ 51. Ke2 Rxc3 52. Rg5+ Kh7 53. Rxf5 Rc2+ 54. Ke3 1-0

[Event "Early-Titled-Tuesday-Blitz-February-20-2024"]
[Site "Chess.com"]
[Date "2024.02.20"]
[Round "3"]
[White "Ati1517"]
[Black "KononenkoD"]
[Result "0-1"]
[WhiteElo "2234"]
[BlackElo "2513"]
[TimeControl "180+1"]
[EndTime "8:29:17 PST"]
[Termination "KononenkoD won by checkmate"]

1. e4 c6 2. d4 d5 3. Nc3 dxe4 4.
Nxe4 Bf5 5. Ng3 Bg6 6. f4 e6 7. c3 Nf6 8. Nf3 Nbd7 9. Bd3 Qc7 10. O-O O-O-O 11. Ne5 Nxe5 12. fxe5 Nd5 13. Ne4 Bxe4 14. Bxe4 c5 15. Bg5 Rd7 16. Qf3 h6 17.
Bxd5 hxg5 18. Be4 Kb8 19. Rad1 cxd4 20. cxd4 Qb6 21. Kh1 g4 22. Qxg4 Rxd4 23. Rxf7 Qb4 24. Rxb7+ Qxb7 25. Rxd4 Qf7 26. Bf3 Bc5 27. Qe4 Bxd4 28.
Qa8+ Kc7 29. Qb7+ Kd8 30. Qxf7 Re8 31. Qxg7 Re7 32. Qf8+ Re8 33. Qf6+ Kc8 34. g4 Bxb2 35. g5 Ba3 36. g6 Bf8 37. Qxf8 Rxf8 38. Bg4 Kd7 39. h4 Rf4 40. Bh3 Ke7 41. h5 Rh4 42. Kg2 Rxh5 43. Kg3 Rxe5 44. Kf4 Re1 45. Bg4 Kf6 46.
g7 Kxg7 47. a4 Kf6 48. Bf3 e5+ 49. Kg3 Ra1 50. Bc6 Kf5 51. Kf3 Ra3+ 52. Ke2 e4 53.
Kd2 Kf4 54. Ke2 Ra2+ 55. Ke1 Ke3 56. Bxe4 Kxe4 57. Kd1 Kd3 58. Ke1 a5 59. Kf1 Ke3 60.
Kg1 Kf3 61. Kh1 Kg3 62. Kg1 Ra1# 0-1

[Event "Early-Titled-Tuesday-Blitz-February-20-2024"]
[Site "Chess.com"]
[Date "2024.02.20"]
[Round "3"]
[White "Elnaz_Kaliakhmet"]
[Black "Dixit_Nikhil"]
[Result "1/2-1/2"]
[WhiteElo "2410"]
[BlackElo "2604"]
[TimeControl "180+1"]
[EndTime "8:29:18 PST"]
[Termination "Game drawn - insufficient material"]

1. d4 Nf6 2. c4 g6 3. Nc3 Bg7 4. e4 d6 5. Be2 O-O 6. Bg5 c5 7.
d5 h6 8. Be3 b5 9. cxb5 a6 10.
a4 e6 11. Nf3 exd5 12. exd5 axb5 13. Bxb5 Ng4 14. Bf4 Qf6 15. Bg3 Ba6 16. O-O Bxb5 17. Nxb5 Ra6 18. Nd2 Qxb2 19. Qxg4 Qxd2 20. Rad1 Qb4 21.
Qxb4 cxb4 22. Bxd6 Rc8 23. Rc1 Rxc1 24. Rxc1 Nd7 25.
Bxb4 Rxa4 26. Be7 Ra1 27. Rxa1 Bxa1 28. Kf1 f5 29. Ke2 Kf7 30. Bb4 Be5 31. g3 Nb6 32. f4 Nxd5 33. fxe5 Nxb4 34. Nd4 Nd5 35. Kf3 Nc7 36. g4 Ne6 37. Nc6 fxg4+ 38. Kxg4 h5+ 39. Kf3 g5 40. h3 Kg6 41. Ke4 g4 42. hxg4 hxg4 43. Ke3 Kg5 44. Nb4 Kh4 45. Nd3 g3 46. Ne1 Kg4 47. Ke4 Ng5+ 48. Kd5 Kf4 49. Ng2+ Kf3 50.
Nh4+ Kg4 51. Ng2 Kf3 52. Nh4+ Kf2 53. e6 g2 54. Nxg2 Nxe6 1/2-1/2